 Dungeon Crawl Stone Soup version 0.31-a0-981-geadf994542 (webtiles) character file.

Game seed: 1791140774373989166

1017 Whiskey the Changeling (level 8, 0/55 HPs)
             Began as an Octopode Shapeshifter on Nov 2, 2023.
             Slain by an ufetubus (3 damage)
             ... on level 6 of the Dungeon.
             The game lasted 00:06:30 (3855 turns).

Whiskey the Changeling (Octopode Shapeshifter)      Turns: 3855, Time: 00:06:31

Health: 0/55       AC: -3    Str: 13    XL:     8   Next: 22%
Magic:  8/8        EV: 18    Int: 15    God:
Gold:   194        SH:  0    Dex: 17    Spells: 7/7 levels left

rFire   . . .        n - +1 short sword (protect)
rCold   . . .        (no shield)
rNeg    . . .        (helmet currently unavailable)
rPois   +            (no amulet)
rElec   .            m - +5 ring of evasion
rCorr   .            w - +6 ring of dexterity
SInv    .            i - ring of poison resistance {rPois, !d}
Will    .....        (no ring)
Stlth   +++          (no ring)
HPRegen 0.29/turn    (no ring)
MPRegen 0.11/turn    (no ring)
                     (no ring)

%: no passive effects
@: beast-form, corroded
A: beast (slay +4), almost no armour, amphibious, 8 rings, camouflage 1,
gelatinous body 1, (nimble swimmer 1), tentacles
a: Begin Untransformation


You were on level 6 of the Dungeon.
You were a hulking beast.
You visited 1 branch of the dungeon, and saw 6 of its levels.

You collected 194 gold pieces.

Inventory:

Hand Weapons
 n - a +1 short sword of protection (weapon)
   (You found it on level 3 of the Dungeon)
 o - a +1 flail of protection
   (You took it off a gnoll on level 4 of the Dungeon)
 t - a +2 dagger of venom
   (You took it off a goblin on level 4 of the Dungeon)
Missiles
 j - 2 throwing nets (quivered) {=f, !d}
Magical Staves
 g - a staff of fire {rF+}
   (You found it on level 1 of the Dungeon)
Jewellery
 i - a ring of poison resistance (on tentacle) {rPois, !d}
   (You took it off Jessica on level 2 of the Dungeon)
 m - a +5 ring of evasion (left tentacle)
   (You took it off a gnoll on level 2 of the Dungeon)
 w - a +6 ring of dexterity (right tentacle)
   (You found it on level 5 of the Dungeon)
Talismans
 b - a beast talisman
 c - a flux talisman
Scrolls
 d - 8 scrolls of identify {unknown}
 e - a scroll of brand weapon {unknown}
 f - a scroll of vulnerability {unknown}
 h - a scroll of summoning {unknown}
 k - 2 scrolls of fog {unknown}
 v - a scroll of revelation {unknown}
 x - a scroll of fear {unknown}
Potions
 a - 2 potions of lignification {!q}
 l - a potion of heal wounds {unknown}
 p - a potion of brilliance {unknown}
 q - 2 potions of enlightenment {unknown}
 r - 3 potions of curing {unknown}
 s - a potion of ambrosia {unknown}
 u - a potion of attraction {unknown}


   Skills:
 + Level 5.1 Fighting
 - Level 2.0 Dodging
 - Level 3.0 Stealth
 - Level 3.0 Unarmed Combat
 * Level 7.4 Shapeshifting


You had 7 spell levels left.
You didn't know any spells.
Your spell library contained the following spells:

 Spells                   Type           Power      Damage    Failure   Level
 Slow                     Hex            0%         N/A       26%         1
 Confusing Touch          Hex            0%         N/A       63%         3
 Sigil of Binding         Hex            0%         N/A       63%         3
 Vampiric Draining        Necr           0%         2d6       63%         3


Dungeon Overview and Level Annotations

Branches:
Dungeon (6/15)
 Temple: D:4-7

Altars:


Innate Abilities, Weirdness & Mutations

You are a hulking beast.
Your limbs bulge with bestial killing power. (Slay +4)
You cannot wear most types of armour.
You are amphibious.
You can wear up to eight rings at the same time.
Your skin changes colour to match your surroundings (Stealth+).
Your rubbery body absorbs attacks. (AC +1, EV +1)
((You are camouflaged when in or above water. (Stealth+)))
You have tentacles for arms and can constrict up to eight enemies at once.


Message History

You hit the orc but do no damage. You grab the orc. You constrict the orc.
An ufetubus comes into view.
The orc closely misses you. x2; The ufetubus moves out of view.
You puncture the orc!
You kill the orc!
The orc misses you.
You hit the orc wizard. You grab the orc wizard. You squeeze the orc wizard!
You constrict the orc wizard. The ufetubus barely misses you.
The ufetubus misses you. The orc misses you.
An ufetubus comes into view.
The orc wizard hits you but does no damage.
The ufetubus hits you but does no damage.
The ufetubus closely misses you. x2; The ufetubus completely misses you.
You hit the orc wizard.
You kill the orc wizard!
The ufetubus hits you but does no damage.
The ufetubus hits you. The ufetubus closely misses you.
The ufetubus completely misses you. The ufetubus barely misses you. x2
The orc barely misses you.
You take 2 damage, and have 53/55 hp.
You miss the adder. You grab the adder. You constrict the adder.
The adder closely misses you. The ufetubus misses you.
The ufetubus hits you but does no damage.
The ufetubus misses you. The ufetubus closely misses you.
The ufetubus barely misses you. x2; The adder bites you but does no damage.
A centaur comes into view.
The ufetubus misses you.
The ufetubus hits you but does no damage.
The orc misses you.
The ufetubus hits you but does no damage.
The ufetubus barely misses you. The ufetubus misses you.
The ufetubus closely misses you.
You hit the adder but do no damage. You squeeze the adder.
You constrict the adder. The adder bites you but does no damage.
The ufetubus closely misses you. The ufetubus misses you. x3
The ufetubus hits you but does no damage. x2
The orc hits you but does no damage.
You puncture the adder!
You kill the adder!
The ufetubus completely misses you. The ufetubus misses you.
The ufetubus closely misses you. x2; The ufetubus misses you.
The ufetubus hits you but does no damage.
The ufetubus barely misses you. The ufetubus misses you.
The ufetubus completely misses you.
The ufetubus hits you but does no damage.
The orc closely misses you. The ufetubus closely misses you. x2
You hit the ufetubus. You grab the ufetubus. You constrict the ufetubus.
The ufetubus completely misses you.
The ufetubus hits you but does no damage.
The ufetubus misses you.
The ufetubus hits you but does no damage.
The ufetubus closely misses you. The ufetubus barely misses you.
The orc barely misses you. The orc closely misses you.
You barely miss the ufetubus. You squeeze the ufetubus.
You kill the ufetubus!
The ufetubus barely misses you.
The ufetubus hits you but does no damage.
The ufetubus barely misses you.
The ufetubus hits you but does no damage. x3
The ufetubus misses you. The ufetubus closely misses you.
The orc completely misses you. x2
You hit the jelly.
Your tentacles burn!
The ufetubus closely misses you. The ufetubus barely misses you.
The ufetubus completely misses you. x2
The jelly misses you. The orc completely misses you. The orc misses you.
You take 5 damage, and have 49/55 hp.
The centaur wields a +0 shortbow.
The centaur shoots an arrow.
The arrow misses you. The jelly hits you. The acid corrodes you!
You are splashed with acid!
You take 11 damage, and have 38/55 hp.
The centaur unwields a +0 shortbow.
The centaur hits you. The centaur misses you.
You take 1 damage, and have 37/55 hp.
The ufetubus attacks as it pursues you! The ufetubus closely misses you.
The ufetubus misses you. The orc attacks as it pursues you! The orc misses you.
The ufetubus misses you. x2
The ufetubus slips past you! The ufetubus hits you. x2
You take 8 damage, and have 30/55 hp.
The ufetubus hits you. The ufetubus barely misses you.
You take 2 damage, and have 28/55 hp.
The centaur wields a +0 shortbow.
The centaur shoots an arrow.
The arrow barely misses you. The ufetubus hits you.
The ufetubus barely misses you.
You take 1 damage, and have 27/55 hp.
The centaur shoots an arrow.
The arrow closely misses you. The ufetubus attacks as it pursues you!
The ufetubus completely misses you. The ufetubus misses you.
The ufetubus misses you. The ufetubus hits you.
The ufetubus closely misses you. The ufetubus barely misses you.
A shadow imp comes into view.
You take 1 damage, and have 27/55 hp.
The sentinel's mark upon you fades away.
The ufetubus slips past you! The ufetubus misses you. The ufetubus hits you.
You take 2 damage, and have 25/55 hp.
The centaur shoots an arrow.
The arrow hits you!
* * * LOW HITPOINT WARNING * * *
The ufetubus misses you. x2; The centaur shoots an arrow.
The arrow hits you!
* * * LOW HITPOINT WARNING * * *
You take 22 damage, and have 3/55 hp.
MASSIVE DAMAGE!!
The ufetubus hits you.
You die...

#.......# #.......#
> #.......# ..
#.......#
...##.......#
#..........#
#.......# #...5h<.#
###.##### # ##..#
..#######o.##
#........c#########
##..................
......55o...).......
.####..#...........
#.5.....#........


You could see 2 ufetubi and an orc.

Vanquished Creatures
  An ice beast (D:6)
  A black bear (D:4)
  2 ogres (D:5)
  4 scorpions
  A jelly (D:5)
  A hound (D:5)
  Jessica (D:2)
  2 iguanas
  3 orc wizards
  Terence (D:3)
  7 gnolls
  5 adders
  An ufetubus (D:6)
  2 worms
  A dart slug (D:1)
  3 orcs
  6 ball pythons
  4 bats
  8 endoplasms
  A giant cockroach (D:2)
  4 goblins
  6 hobgoblins
  11 jackals
  A quokka (D:2)
  6 frilled lizards
  6 kobolds
  3 rats
92 creatures vanquished.

Notes
Turn   | Place    | Note
-------+----------+-------------------------------------------
     0 | D:1      | Whiskey the Octopode Shapeshifter began the quest for the
                  | Orb.
     0 | D:1      | Reached XP level 1. HP: 13/13 MP: 1/1
    48 | D:1      | Reached XP level 2. HP: 15/18 MP: 2/2
   427 | D:1      | Reached XP level 3. HP: 23/24 MP: 3/3
   852 | D:1      | Reached skill level 2 in Fighting
   979 | D:2      | Noticed Jessica
   981 | D:2      | Reached skill level 4 in Shapeshifting
   984 | D:2      | Killed Jessica
   985 | D:2      | Reached XP level 4. HP: 19/30 MP: 4/4
  1719 | D:3      | Reached XP level 5. HP: 35/35 MP: 5/5
  2200 | D:3      | Noticed Terence
  2218 | D:3      | Killed Terence
  2421 | D:3      | Found a faded altar of an unknown god.
  2551 | D:4      | Reached skill level 3 in Fighting
  2551 | D:4      | Reached skill level 1 in Stealth
  2637 | D:4      | Reached skill level 5 in Shapeshifting
  2730 | D:4      | Reached skill level 2 in Stealth
  2730 | D:4      | Reached XP level 6. HP: 38/42 MP: 6/6
  2840 | D:4      | Noticed a black bear
  2850 | D:4      | Killed a black bear
  2851 | D:4      | Reached skill level 3 in Stealth
  3087 | D:4      | Reached XP level 7. HP: 47/47 MP: 7/7
  3339 | D:5      | Entered Level 5 of the Dungeon
  3432 | D:5      | Reached skill level 6 in Shapeshifting
  3514 | D:5      | Reached skill level 4 in Fighting
  3778 | D:5      | Reached skill level 7 in Shapeshifting
  3778 | D:5      | Reached XP level 8. HP: 54/54 MP: 8/8
  3830 | D:6      | Reached skill level 5 in Fighting
  3854 | D:6      | HP: 3/55 [centaur/arrow (13)]
  3855 | D:6      | Slain by an ufetubus

Illustrated notes

Levels and vault maps discovered:
D:1:      dpeg_arrival_erosion, layout_loops_ring,
          minmay_misc_feat_four_crosses, minmay_pentomino_t4
D:2:      layout_basic, uniq_jessica
D:3:      layout_loops_ring, shapermc_ecumenical_altar_hornbeckon,
          moated_statue, amcnicky_mini_rare_corridor_liquid, uniq_terence
D:4:      layout_loops_ring
D:5:      layout_rooms
D:6:      layout_rooms, minmay_temple_entry_trees

Skill      XL: |  1  2  3  4  5  6  7  8 |
---------------+-------------------------+-----
Fighting       | 2 3 4 5 |  5.1
Shapeshifting  | 4 5 7 |  7.4
Stealth        | 2 3 |  3.0
Dodging        | |  2.0
Unarmed Combat | |  3.0

Action                     |  1- 3 |  4- 6 |  7- 9 || total
---------------------------+-------+-------+-------++-------
  Melee: Unarmed           |    55 |    47 |       ||   102
         Constrict         |    16 |    26 |    11 ||    53
         Tentacles         |    12 |    34 |    17 ||    63
         Punch             |     2 |     4 |     1 ||     7
         Short sword       |       |    70 |    49 ||   119
   Stab: Sleeping          |     2 |     9 |     1 ||    12
 Armour: Skin              |    18 |    55 |    41 ||   114
  Dodge: Dodged            |    42 |    61 |   108 ||   211

Table legend: (Time is in decaauts)
 A = Elapsed time spent in this place.
 B = Non-inter-level travel time spent in this place.
 C = Inter-level travel time spent in this place.
 D = Time resting spent in this place.
 E = Time spent auto-exploring this place.
 F = Levels seen in this place.
 G = Mean time per level.
                   A        B        C        D        E       F      G
               +--------+--------+--------+--------+--------+-----+--------+
         Total |   3849 |   3772 |     77 |    133 |   3012 |   6 |  641.5 |
       Dungeon |   3849 |   3772 |     77 |    133 |   3012 |   6 |  641.5 |
               +--------+--------+--------+--------+--------+-----+--------+

Top non-repeatable levels by time:
     D:2: 876 daAuts
     D:4: 848 daAuts
     D:1: 822 daAuts
     D:3: 793 daAuts
     D:5: 463 daAuts
     D:6: 45 daAuts

Levels and vault maps discovered:
D:1:      dpeg_arrival_erosion, layout_loops_ring,
          minmay_misc_feat_four_crosses, minmay_pentomino_t4
D:2:      layout_basic, uniq_jessica
D:3:      layout_loops_ring, shapermc_ecumenical_altar_hornbeckon,
          moated_statue, amcnicky_mini_rare_corridor_liquid, uniq_terence
D:4:      layout_loops_ring
D:5:      layout_rooms
D:6:      layout_rooms, minmay_temple_entry_trees

Table legend: (Time is in decaauts)
 A = Elapsed time spent in this place.
 B = Non-inter-level travel time spent in this place.
 C = Inter-level travel time spent in this place.
 D = Time resting spent in this place.
 E = Time spent auto-exploring this place.
 F = Levels seen in this place.
 G = Mean time per level.
                   A        B        C        D        E       F      G
               +--------+--------+--------+--------+--------+-----+--------+
         Total |   3849 |   3772 |     77 |    133 |   3012 |   6 |  641.5 |
       Dungeon |   3849 |   3772 |     77 |    133 |   3012 |   6 |  641.5 |
               +--------+--------+--------+--------+--------+-----+--------+

Top non-repeatable levels by time:
     D:2: 876 daAuts
     D:4: 848 daAuts
     D:1: 822 daAuts
     D:3: 793 daAuts
     D:5: 463 daAuts
     D:6: 45 daAuts

Table legend:
 A = Kills in this place as a percentage of kills in the entire game.
 B = Kills by you in this place as a percentage of kills by you in the entire game.
 C = Kills by friends in this place as a percentage of kills by friends in the entire game.
 D = Other kills in this place as a percentage of other kills in the entire game.
 E = Experience gained in this place as a percentage of experience gained in the entire game.
 F = Experience gained in this place divided by the number of levels of this place that you have seen.
                   A       B       C       D       E      F
               +-------+-------+-------+-------+-------+----------------------
         Total | 100.0 | 100.0 |   N/A |   N/A | 100.0 | 242.3
       Dungeon | 100.0 | 100.0 |   N/A |   N/A | 100.0 | 242.3
               +-------+-------+-------+-------+-------+----------------------
